 Dungeon Crawl Stone Soup version 0.28-a0-1002-gf00fe891ef (webtiles) character file.

Game seed: 6233722507789714869

18365 Umoon the Cleaver (level 12, -1/144 HPs)
             Began as a Demonspawn Gladiator on Dec 6, 2021.
             Was an Initiate of Gozag.
             Succumbed to Urug's poison
             ... on level 2 of the Lair of Beasts.
             The game lasted 00:24:31 (14920 turns).

Umoon the Cleaver (Demonspawn Gladiator)           Turns: 14920, Time: 00:24:32

Health: -1/144     AC: 18    Str: 18    XL:     12   Next: 27%
Magic:  12/12      EV: 23    Int: 11    God:    Gozag
Gold:   1335       SH: 10    Dex: 15    Spells: 11/11 levels left

rFire   . . .      SeeInvis +   N - +4 broad axe (flame)
rCold   . . .      Faith    .   L - +0 buckler
rNeg    . . .      Spirit   .   R - +1 ring mail "Faiquk" {Slay+2 Stlth+}
rPois   .          Reflect  +   O - +2 helmet {SInv}
rElec   +          Harm     .   b - +0 cloak
rCorr   .          Rampage  .   P - +2 pair of gloves
Will    .....                   (no boots)
Stlth   ..........              Q - amulet of reflection
HPRegen 0.34/turn               F - +4 ring of evasion
MPRegen 0.13/turn               y - ring of Yendor {Fly rElec SInv Stlth+}

@: mighty, agile, berserking (expiring), lethally poisoned (-1 -> -14), marked,
gold aura, flying, very quick
A: powered by pain 2, spiny 2, sharp scales 2, demonic touch 2
a: Renounce Religion, Potion Petition, Call Merchant, Bribe Branch


You were on level 2 of the Lair of Beasts.
You worshipped Gozag.
Gozag was most pleased with you.
You visited 3 branches of the dungeon, and saw 14 of its levels.
You also visited: Bailey.

You collected 2473 gold pieces.
You spent 1057 gold pieces at shops.
You paid 81 gold pieces to Gozag.

Inventory:

Hand Weapons
 i - a +2 short sword of electrocution
 D - a +0 broad axe
 N - a +4 broad axe of flaming (weapon)
Missiles
 d - 6 throwing nets (quivered)
Armour
 b - a +0 cloak (worn)
 B - +0 steam dragon scales
 E - a +2 chain mail of positive energy
 L - a +0 buckler (worn)
 O - a +2 helmet of see invisible (worn)
 P - a +2 pair of gloves (worn)
 R - the +1 ring mail "Faiquk" (worn) {Slay+2 Stlth+}
   (You bought it in a shop on level 3 of the Dungeon)

   Slay:      It affects your accuracy & damage with ranged weapons and melee
   (+2).
   Stlth:     It makes you more stealthy.
Jewellery
 f - a +6 ring of dexterity
 y - the ring of Yendor (right hand) {Fly rElec SInv Stlth+}
   (You found it on level 4 of the Dungeon)

   [ring of flight]

   rElec:     It insulates you from electricity.
   SInv:      It lets you see invisible.
   Fly:       It grants you flight.
   Stlth:     It makes you more stealthy.
 A - a ring of protection from cold
 F - a +4 ring of evasion (left hand)
 Q - an amulet of reflection (around neck)
 T - a +6 ring of intelligence
 U - a ring of positive energy
 W - a ring of wizardry
 Y - an amulet of magic regeneration
 Z - a ring of ice
Wands
 a - a wand of mindburst (18)
 t - a wand of digging (5)
 H - a wand of polymorph (15)
 I - a wand of flame (19)
 K - a wand of paralysis (12)
 M - a wand of iceblast (15)
Scrolls
 c - a scroll of immolation
 e - 3 scrolls of enchant weapon
 h - 2 scrolls of enchant armour
 j - 2 scrolls of summoning
 l - 4 scrolls of amnesia
 o - a scroll of blinking
 p - 4 scrolls of magic mapping
 s - 3 scrolls of fog
 w - 4 scrolls of noise
 z - a scroll of brand weapon
 G - 5 scrolls of teleportation
 V - a scroll of holy word
Potions
 g - 3 potions of flight {unknown}
 k - a potion of haste {unknown}
 m - 4 potions of might {unknown}
 n - 3 potions of degeneration {unknown}
 q - a potion of berserk rage
 r - a potion of ambrosia {unknown}
 u - a potion of resistance {unknown}
 v - 2 potions of mutation {unknown}
 x - 2 potions of lignification
 C - 3 potions of curing
 J - a potion of magic {unknown}
 S - a potion of brilliance {unknown}


   Skills:
 + Level 9.5 Fighting
 - Level 6.9 Short Blades
 * Level 9.6 Axes
 - Level 1.7 Throwing
 + Level 8.5 Armour
 - Level 7.0 Dodging
 + Level 5.9 Shields


You had 11 spell levels left.
You didn't know any spells.
Your spell library contained the following spells:

 Spells                   Type           Power      Damage    Failure   Level
 Foxfire                  Conj/Fire      0%         2x1d4     50%         1
 Magic Dart               Conj           0%         1d3       50%         1
 Ensorcelled Hibernation  Hex/Ice        0%         N/A       65%         2
 Searing Ray              Conj           0%         2d4       65%         2
 Conjure Flame            Conj/Fire      0%         6-21      86%         3
 Inner Flame              Hex/Fire       0%         N/A       86%         3
 Spider Form              Tmut/Pois      0%         N/A       86%         3
 Flame Wave               Conj/Fire      0%         2d4       99%         4
 Fulminant Prism          Conj/Hex       0%         3d6       99%         4


Dungeon Overview and Level Annotations

Branches:
Dungeon (11/15)            Temple (1/1) D:6            Lair (2/6) D:8
    Orc (0/2) D:10         Bailey (visited)
  Swamp: Lair:2-4    Shoals: Lair:2-4     Snake: Lair:2-4    Spider: Lair:2-4

Altars:
Ashenzari
Cheibriados
Dithmenos
Elyvilon
Fedhas
Gozag
Hepliaklqana
Kikubaaqudgha
Makhleb
Nemelex Xobeh
Okawaru
Qazlal
Ru
Sif Muna
Trog
Uskayaw
Vehumet
Wu Jian
Xom
Yredelemnul
Zin
The Shining One

Shops:
D:1 *[(   D:3 [   D:7 =

Annotations:
D:6 3 runed translucent doors, axecop's ghost, weakling HuDe; freelancePsychic's ghost, amateur TrWr; willcat's ghost, novice HONe
D:11 1 runed translucent door, CougarLife's ghost, journeyman TrTm
Lair:2 Urug


Innate Abilities, Weirdness & Mutations

You sometimes gain power by taking damage.
You are mostly covered in sharp spines.
You are mostly covered in razor-sharp scales. (AC +2, Slay +2)
Your touch may inflict irresistible damage on your foes.


Message History

You block Urug's attack.
Items here: $ ( ) [.
Unknown command.
You barely miss Urug. Urug is struck by your spines. Urug closely misses you.
Urug hits you with a +1 demon trident of venom!
* * * LOW HITPOINT WARNING * * *
You are poisoned.
Unknown command.
It was a potion of berserk rage.
A red film seems to cover your vision as you go berserk!
You feel yourself moving faster!
You feel mighty!
You feel sick. You block Urug's attack.
You closely miss Urug.
Urug is lightly wounded.
You feel sick.
You slash Urug! You burn Urug.
Urug is lightly wounded.
Urug is struck by your spines. Urug hits you but does no damage.
You are more poisoned.
You slash Urug! You burn Urug.
Urug is moderately wounded.
You feel very sick.
Urug hits you with a +1 demon trident of venom!
* * * LOW HITPOINT WARNING * * *
You focus on the pain.
You feel agile all of a sudden.
You are more poisoned.
You closely miss Urug.
Urug is moderately wounded.
* * * LOW HITPOINT WARNING * * *
You feel very sick.
You hit Urug. You burn Urug.
Urug is heavily wounded.
* * * LOW HITPOINT WARNING * * *
You feel very sick. You block Urug's attack.
You hit Urug. You burn Urug.
Urug is heavily wounded.
You die...
Your body crumbles into a pile of gold.

.##### .....# ########
.....## #####......##
......# #......>....#
......####...........###P
.....##..............$..+
........##.............#
.......###......@.<..###
.....### #.......o...#
##.'## #.####+#.#...#
....# ## .......# .#..#
#.###..P..'## ...##
#............. ...#
#............## ...#
#............. ...#
#..........


You could see Urug.

Vanquished Creatures
  Harold (Lair:2)
  A boulder beetle (D:11)
  A hydra (Lair:2)
  Fannar (Lair:2)
  2 two-headed ogres
  Nergalle (Lair:2)
  2 cyclopes
  Joseph (D:7)
  Maurice (D:8)
  An elephant (D:7)
  A cane toad (Lair:1)
  2 komodo dragons
  Maggie (D:7)
  A vampire (D:11)
  2 wyverns
  27 yaks
  Eustachio (D:6)
  6 water moccasins
  2 acid dragons
  11 orc warriors
  Duvessa (D:7)
  4 black bears
  A sky beast (D:7)
  4 ogres
  9 wolves
  2 centaurs
  2 phantoms
  A kobold brigand (D:9)
  2 gnoll sergeants (D:7)
  7 bullfrogs
  3 scorpions
  Dowan (D:7)
  A water moccasin skeleton (D:5)
  4 wights (D:9)
  4 electric eels
  5 howler monkeys
  4 centaur zombies
  2 gnoll shamans
  A jelly (D:7)
  2 bullfrog skeletons
  7 hounds
  2 orc priests
  Terence (D:3)
  2 iguanas
  6 orc wizards
  A killer bee zombie (D:5)
  18 gnolls
  5 adders
  2 river rats (D:4)
  A shadow imp (D:7)
  3 white imps (D:7)
  An adder skeleton (D:4)
  A worm (D:4)
  35 orcs
  6 bats
  7 endoplasms
  4 giant cockroaches
  12 goblins
  12 hobgoblins
  4 jackals (D:4)
  5 quokkas
  6 ball pythons
  9 frilled lizards
  23 kobolds
  9 rats
  A spectral orc (D:8)
309 creatures vanquished.

Vanquished Creatures (others)
  5 fungi
  7 plants
12 creatures vanquished.

Grand Total: 321 creatures vanquished

Notes
Turn   | Place    | Note
-------+----------+-------------------------------------------
     0 | D:1      | Umoon the Demonspawn Gladiator began the quest for the Orb.
     0 | D:1      | Reached XP level 1. HP: 16/16 MP: 1/1
   156 | D:1      | Found Lugoutit's Weapon Emporium.
   274 | D:1      | Found Xolerix's Assorted Antiques.
   302 | D:1      | Found Naptek's Antique Armour Emporium.
   310 | D:1      | Gained mutation: You are partially covered in sharp spines.
                  | [demonic ancestry]
   310 | D:1      | Reached XP level 2. HP: 22/22 MP: 2/2
   838 | D:1      | Reached skill level 1 in Armour
   896 | D:2      | Reached XP level 3. HP: 25/28 MP: 3/3
  1448 | D:3      | Found Kumuz's Antique Armour Emporium.
  1754 | D:3      | Noticed Terence
  1763 | D:3      | Killed Terence
  1764 | D:3      | Gained mutation: Your touch may inflict minor irresistible
                  | damage on your foes. [demonic ancestry]
  1764 | D:3      | Reached XP level 4. HP: 22/34 MP: 4/4
  2322 | D:4      | Noticed a scorpion
  2327 | D:4      | Killed a scorpion
  2328 | D:4      | Reached XP level 5. HP: 31/41 MP: 5/5
  2482 | D:4      | Noticed a phantom
  2498 | D:4      | Killed a phantom
  2500 | D:4      | Gained mutation: You sometimes gain a little power by
                  | taking damage. [demonic ancestry]
  2500 | D:4      | Reached XP level 6. HP: 28/47 MP: 6/6
  2895 | D:4      | Identified the ring of Yendor {Fly rElec SInv Stlth+}
  3241 | D:5      | Entered Level 5 of the Dungeon
  3276 | D:5      | Gained mutation: You sometimes gain power by taking damage.
                  | [demonic ancestry]
  3276 | D:5      | Reached XP level 7. HP: 50/54 MP: 7/7
  4033 | D:5      | Reached skill level 5 in Short Blades
  4049 | D:5      | Reached skill level 5 in Fighting
  4049 | D:5      | Reached skill level 5 in Dodging
  4049 | D:5      | Gained mutation: Your touch may inflict irresistible damage
                  | on your foes. [demonic ancestry]
  4049 | D:5      | Reached XP level 8. HP: 62/62 MP: 8/8
  4341 | D:6      | Noticed Eustachio
  4392 | D:6      | Killed Eustachio
  4695 | D:6      | Identified the +3 dagger "Tuneoh Jaid" {freeze, rElec}
  5121 | D:6      | Found a staircase to the Ecumenical Temple.
  5136 | D:6      | Reached skill level 5 in Armour
  5155 | Temple   | Entered the Ecumenical Temple
  5562 | Temple   | Became a worshipper of Gozag Ym Sagoz the Greedy
  5716 | D:6      | Found a runed translucent gate.
  5716 | D:6      | Found a runed translucent gate.
  5716 | D:6      | Found a runed translucent gate.
  5744 | D:6      | Noticed axecop's ghost (weakling HuDe)
  5744 | D:6      | Noticed freelancePsychic's ghost (amateur TrWr)
  5744 | D:6      | Noticed willcat's ghost (novice HONe)
  5972 | D:7      | Noticed Duvessa
  5972 | D:7      | Noticed Dowan
  5986 | D:7      | Killed Duvessa
  6010 | D:7      | Killed Dowan
  6011 | D:7      | Reached skill level 1 in Axes
  6158 | D:7      | Noticed Maggie
  6219 | D:7      | Killed Maggie
  6220 | D:7      | Gained mutation: You are mostly covered in sharp spines.
                  | [demonic ancestry]
  6220 | D:7      | Reached XP level 9. HP: 38/69 MP: 9/9
  6584 | D:7      | Noticed a cyclops
  6593 | D:7      | Killed a cyclops
  7158 | D:7      | Found Peceaxt's Jewellery Shop.
  7217 | D:7      | Noticed Joseph
  7238 | D:7      | Killed Joseph
  7992 | D:8      | Noticed an elephant
  8233 | D:7      | Killed an elephant
  8234 | D:7      | Reached XP level 10. HP: 24/79 MP: 10/10
  8616 | D:1      | Bought a +4 broad axe of flaming for 292 gold pieces
  8642 | D:1      | Bought a shiny helmet for 150 gold pieces
  8847 | D:8      | Noticed Maurice
  8850 | D:8      | Reached skill level 1 in Shields
  8870 | D:8      | Killed Maurice
  9035 | D:8      | Found a staircase to the Lair.
  9112 | D:8      | Reached skill level 5 in Axes
  9264 | D:8      | Found a hazy altar of Hepliaklqana.
  9399 | D:9      | Noticed a cyclops
  9411 | D:9      | Killed a cyclops
  9603 | D:9      | Found a flagged portal.
  9612 | Bailey   | Entered a bailey
  9800 | Bailey   | Identified the +0 plate armour "Naso" {rF- Dex+4}
 10381 | D:9      | Gained mutation: You are partially covered in razor-sharp
                  | scales. (AC +1, Slay +1) [demonic ancestry]
 10381 | D:9      | Reached XP level 11. HP: 64/86 MP: 11/11
 10738 | D:7      | Bought an amulet of reflection for 390 gold pieces
 10897 | D:3      | Bought a steaming ring mail for 225 gold pieces
 10897 | D:3      | Identified the +1 ring mail "Faiquk" {Slay+2 Stlth+} (You
                  | bought it in a shop on level 3 of the Dungeon)
 11519 | D:10     | Entered Level 10 of the Dungeon
 11547 | D:10     | Found a staircase to the Orcish Mines.
 11908 | D:10     | Noticed a two-headed ogre
 11917 | D:10     | Killed a two-headed ogre
 12509 | D:11     | Noticed a two-headed ogre
 12518 | D:11     | Killed a two-headed ogre
 12866 | D:11     | Noticed a boulder beetle
 12878 | D:11     | Killed a boulder beetle
 13157 | D:11     | Found a runed translucent door.
 13160 | D:11     | Identified the +8 spear of Suohexytz {antimagic, *Slow rN++
                  | rCorr SInv}
 13160 | D:11     | Noticed CougarLife's ghost (journeyman TrTm)
 13295 | Lair:1   | Entered Level 1 of the Lair of Beasts
 13331 | Lair:1   | Reached skill level 5 in Shields
 14370 | Lair:2   | Noticed a seven-headed hydra
 14381 | Lair:2   | Killed a two-headed hydra
 14382 | Lair:2   | Gained mutation: You are mostly covered in razor-sharp
                  | scales. (AC +2, Slay +2) [demonic ancestry]
 14382 | Lair:2   | Reached XP level 12. HP: 57/95 MP: 12/12
 14667 | Lair:2   | Noticed Fannar
 14677 | Lair:2   | Killed Fannar
 14699 | Lair:2   | Noticed Nergalle
 14717 | Lair:2   | Killed Nergalle
 14899 | Lair:2   | Noticed Harold
 14900 | Lair:2   | Noticed Urug
 14911 | Lair:2   | Killed Harold
 14917 | Lair:2   | HP: 7/144 [Urug (14)]
 14919 | Lair:2   | HP: 2/144 [poisoned by Urug]
 14920 | Lair:2   | Succumbed to Urug's poison

Illustrated notes

Levels and vault maps discovered:
D:1:      scummos_arrival_simple_crosswalls, layout_loops_corners, serial_shops,
          shop, nicolae_shop_bloodbath_and_beyond, shop, minmay_tetromino_i2
D:2:      layout_loops_ring
D:3:      layout_basic, serial_shops, shop, kennysheep_generic_room_16,
          uniq_terence
D:4:      layout_basic, portal_sewer_entry_b, kennysheep_potato
D:5:      layout_basic, grunt_decor_clamped, chequers_serial_rivers_small_b
D:6:      layout_basic, minmay_temple_entry_trees, gammafunk_ghost_cemetery,
          grunt_decor_junction, nicolae_lava_and_water, uniq_eustachio
D:7:      minmay_chambers_of_sixes, layout_loops_cross, serial_shops,
          nicolae_square_shop, uniq_joseph, uniq_duvessa, uniq_maggie
D:8:      layout_basic, nicolae_hepliaklqana_monster_ancestors,
          david_lair_generic, uniq_maurice
D:9:      layout_gridville, enter_bailey_3
D:10:     layout_basic, orc_0_dummy
D:11:     layout_long_grid, ebering_ghost_funeral_grove
Temple:   mainiacjoe_temple_circle_huts
Lair:1:   layout_cave_shapes, serial_bayou, serial_bayou_lake_a,
          serial_bayou_pond_e, serial_bayou_lagoon_b, serial_bayou_pond_a,
          beast_lair_carwin_4
Lair:2:   layout_roguey, grunt_forest_small_clearing_treed, uniq_fannar,
          uniq_nergalle, uniq_harold, uniq_urug

Skill      XL: |  1  2  3  4  5  6  7  8  9 10 11 |
---------------+----------------------------------+-----
Short Blades   | 3 4 5 6 |  6.9
Dodging        | 3 4 5 6 7 |  7.0
Armour         | 1 2 3 4 5 6 7 8 |  8.5
Fighting       | 3 4 5 6 7 8 9 |  9.5
Axes           | 1 4 6 9 |  9.6
Shields        | 3 5 |  5.9
Throwing       | |  1.7

Action                   |  1- 3 |  4- 6 |  7- 9 | 10-12 || total
-------------------------+-------+-------+-------+-------++-------
Melee: Rapier            |    39 |       |       |       ||    39
       Short sword       |    54 |    72 |   225 |   120 ||   471
       Touch             |       |     9 |    45 |       ||    54
       Broad axe         |       |       |       |   297 ||   297
Evoke: Wand              |       |       |     2 |       ||     2
  Use: Scroll            |       |       |     5 |     7 ||    12
       Potion            |       |       |       |     2 ||     2
 Stab: Sleeping          |     2 |     4 |     5 |     6 ||    17
       Distracted        |       |       |       |     8 ||     8
Armor: Leather armour    |    16 |       |       |       ||    16
       Ring mail         |     5 |    21 |    20 |    50 ||    96
       Chain mail        |       |       |    26 |    65 ||    91
Dodge: Dodged            |    52 |    36 |   136 |   242 ||   466
Block: Buckler           |       |       |     5 |   129 ||   134

Table legend: (Time is in decaauts)
 A = Elapsed time spent in this place.
 B = Non-inter-level travel time spent in this place.
 C = Inter-level travel time spent in this place.
 D = Time resting spent in this place.
 E = Time spent auto-exploring this place.
 F = Levels seen in this place.
 G = Mean time per level.
                   A        B        C        D        E       F      G
               +--------+--------+--------+--------+--------+-----+--------+
         Total |  14926 |  13784 |   1142 |   2226 |   9075 |  15 |  995.1 |
       Dungeon |  12339 |  11253 |   1086 |   1883 |   7425 |  11 | 1121.7 |
        Temple |    533 |    504 |     29 |      0 |    465 |   1 |  533.0 |
          Lair |   1639 |   1613 |     26 |    222 |   1105 |   2 |  819.5 |
        Bailey |    413 |    413 |      0 |    121 |     80 |   1 |  413.0 |
               +--------+--------+--------+--------+--------+-----+--------+

Top non-repeatable levels by time:
     D:7: 2261 daAuts
     D:9: 1393 daAuts
     D:4: 1274 daAuts
     D:6: 1224 daAuts
     D:5: 1020 daAuts
  Lair:1: 1013 daAuts
     D:8: 1008 daAuts
     D:1: 974 daAuts
     D:3: 892 daAuts
    D:11: 872 daAuts
    D:10: 861 daAuts
  Lair:2: 626 daAuts
     D:2: 557 daAuts
  Temple: 533 daAuts
  Bailey: 413 daAuts
